 Dungeon Crawl Stone Soup version 0.19.1 (webtiles) character file.

1568 Host24 the Fighter (level 9, -7/60 HPs)
             Began as a Kobold Hunter on Dec 31, 2016.
             Was a Believer of Okawaru.
             Mangled by an orc warrior
             ... wielding a +0 war axe
              (23 damage)
             ... in a bailey.
             The game lasted 00:13:30 (6980 turns).

Host24 the Fighter (Kobold Hunter)                  Turns: 6980, Time: 00:13:31

Health: -7/60      AC:  6    Str:  9    XL:     9   Next: 13%
Magic:  9/9        EV: 20    Int: 12    God:    Okawaru [**....]
Gold:   225        SH:  0    Dex: 19    Spells: 0 memorised, 8 levels left

rFire  + + .     SeeInvis .     C - +6 flail "Musuh" {crush, rF+ MR++}
rCold  . . .     Gourm    .     J - +1 leather armour {rPois}
rNeg   . . .     Faith    .     (shield restricted)
rPois  +         Spirit   .     x - +0 helmet (curse)
rElec  .         Reflect  .     L - +0 cloak
rCorr  .         Harm     .     (no gloves)
MR     ++...                    (no boots)
Stlth  ++........               (no amulet)
                                (no ring)
                                B - ring of protection from fire

@: no status effects
A: carnivore 3
a: Heroism, Renounce Religion


You were in a bailey.
You worshipped Okawaru.
Okawaru was pleased with you.
You were very full.

You visited 2 branches of the dungeon, and saw 8 of its levels.
You also visited: Ossuary and Bailey.

You collected 263 gold pieces.
You spent 38 gold pieces at shops.

Inventory:

Hand Weapons
 a - a +1 hand crossbow
 C - the +6 flail "Musuh" (weapon) {crush, rF+ MR++}
   (You found it on level 4 of the Dungeon)

   It inflicts extra damage upon your enemies.
   It protects you from fire.
   It affects your resistance to hostile enchantments.
 H - a +3 hand axe
 K - a +2 quarterstaff of chaos
 P - the +8 spear "Xaasiac" {protect, Str+2}
   (You found it on level 7 of the Dungeon)

   It protects the one who uses it against injury (+AC on strike).
   It affects your strength (+2).
Missiles
 d - 102 bolts
 e - 79 arrows
 g - 121 stones (quivered)
 q - 5 tomahawks of returning
 r - 8 tomahawks
 t - 44 sling bullets
 u - 4 needles of sleeping
 D - 2 exploding tomahawks
 I - 5 poisoned needles
Armour
 x - a cursed +0 helmet (worn)
 z - a +0 ring mail of cold resistance
 J - a +1 leather armour of poison resistance (worn)
 L - a +0 cloak (worn)
Jewellery
 m - an uncursed amulet of harm
 s - an uncursed ring of fire
 B - a ring of protection from fire (left hand)
Wands
 c - a wand of random effects (17/48)
 n - a wand of random effects (21/48)
Scrolls
 b - a scroll of random uselessness {unknown}
 h - a scroll of fear {unknown}
 i - 2 scrolls of blinking {unknown}
 k - 5 scrolls of teleportation {unknown}
 l - 6 scrolls of identify
 o - 3 scrolls of enchant armour {unknown}
 p - 3 scrolls of fog {unknown}
 w - 2 scrolls of immolation {unknown}
 y - 2 scrolls of amnesia {unknown}
 E - 2 scrolls of remove curse {unknown}
Potions
 j - a potion of berserk rage {unknown}
 A - a potion of curing
 M - a potion of haste {unknown}
 O - 2 potions of agility {unknown}
Books
 v - a book of Misfortune

   Spells                             Type                      Level
   a - Confusing Touch                Hexes                        1
   b - Confuse                        Hexes                        3
   c - Gell's Gravitas                Hexes/Translocation          3
   d - Petrify                        Transmutation/Earth          4
   e - Metabolic Englaciation         Hexes/Ice                    5
   f - Yara's Violent Unravelling     Hexes/Transmutation          5
 N - a book of Flames

   Spells                             Type                      Level
   a - Flame Tongue                   Conjuration/Fire             1
   b - Throw Flame                    Conjuration/Fire             2
   c - Conjure Flame                  Conjuration/Fire             3
   d - Inner Flame                    Hexes/Fire                   3
   e - Sticky Flame                   Conjuration/Fire             4
   f - Fireball                       Conjuration/Fire             5
Comestibles
 f - 5 meat rations
 F - a slice of pizza
 G - a royal jelly


   Skills:
 + Level 8.6 Fighting
 - Level 7.0 Crossbows
 - Level 8.0 Dodging
 - Level 1.3 Stealth


You had 8 spell levels left.
You didn't know any spells.

Dungeon Overview and Level Annotations

Branches:
Dungeon (7/15)             Temple (1/1) D:4

Altars:
Ashenzari
Elyvilon
Fedhas
Gozag
Hepliaklqana
Makhleb
Nemelex Xobeh
Okawaru
Qazlal
Ru
Sif Muna
Trog
Xom
The Shining One

Shops:
D:5 !


Innate Abilities, Weirdness & Mutations

You are small and have problems with some larger weapons.
You are carnivorous and can eat meat at any time.


Message History

You kill the orc!
Okawaru accepts your kill. The orc barely misses you.
The orc misses you. x2; The orc closely misses you.
The orc misses you. The orc completely misses you.
You barely miss the orc. The orc misses you. The orc barely misses you.
The orc closely misses you. The orc misses you. x2
The orc completely misses you.
You completely miss the orc warrior. The orc misses you. x2
The orc barely misses you.
The orc warrior hits you with a war axe!
The orc closely misses you.
The orc hits you from afar with a halberd!
* * * LOW HITPOINT WARNING * * *
The orc misses you.
Okay, then.
Okay, then.
You fail to use your ability.
The orc closely misses you. x2
The orc hits you but does no damage. The orc completely misses you.
The orc warrior hits you with a war axe!!
You die...

###########
........∩.##
...........#
...........#
..........∩#
......oooo.#
o....oo))).#
.....ooo@.##
###########


You could see an orc warrior and 8 orcs.

Vanquished Creatures
  Sigmund (D:6)
  A water moccasin (D:7)
  A black bear (D:6)
  An ice beast (D:5)
  An ogre (D:6)
  An elf zombie (Ossuary)
  A scorpion (D:6)
  3 howler monkeys (D:5)
  2 hounds
  3 orc priests (D:5)
  3 human zombies (Ossuary)
  Crazy Yiuf (D:5)
  3 iguanas
  2 orc wizards
  Terence (D:2)
  3 worker ants
  A killer bee zombie (D:5)
  A big kobold zombie (Ossuary)
  A hound zombie (Ossuary)
  3 mummies (Ossuary)
  A worker ant zombie (D:6)
  4 adders
  5 oozes
  An adder zombie (D:1)
  3 dart slugs
  2 worms
  6 leopard geckos
  23 orcs
  4 bats (D:1)
  2 giant cockroaches
  3 goblins
  15 hobgoblins
  7 jackals
  5 quokkas
  2 ball pythons
  3 frilled lizards
  A gnoll zombie (Ossuary)
  7 goblin zombies (Ossuary)
  3 hobgoblin zombies (Ossuary)
  A jackal skeleton (D:4)
  5 jackal zombies (Ossuary)
  4 kobolds
  3 kobold zombies (Ossuary)
  A leopard gecko zombie (D:1)
  3 orc zombies (Ossuary)
  2 quokka skeletons
  2 quokka zombies (Ossuary)
  6 rats
  5 rat zombies (Ossuary)
163 creatures vanquished.

Notes
Turn   | Place    | Note
-------+----------+-------------------------------------------
     0 | D:1      | Host24 the Kobold Hunter began the quest for the Orb.
     0 | D:1      | Reached XP level 1. HP: 12/12 MP: 1/1
   169 | D:1      | Reached XP level 2. HP: 16/18 MP: 2/2
   431 | D:1      | Reached XP level 3. HP: 19/23 MP: 3/3
  1160 | D:2      | Reached XP level 4. HP: 23/28 MP: 4/4
  1390 | D:2      | Noticed Terence
  1403 | D:2      | Killed Terence
  1403 | D:2      | Reached skill level 5 in Dodging
  1403 | D:2      | Reached XP level 5. HP: 22/32 MP: 5/5
  1567 | D:2      | Reached skill level 5 in Crossbows
  1820 | D:2      | Found a blossoming altar of Fedhas.
  2063 | D:2      | Found a deep blue altar of Sif Muna.
  2063 | D:2      | Found a bloodstained altar of Trog.
  2065 | D:2      | Found a burning altar of Makhleb.
  2948 | D:4      | Found a staircase to the Ecumenical Temple.
  2959 | Temple   | Entered the Ecumenical Temple
  3122 | Temple   | Became a worshipper of Warmaster Okawaru
  3153 | D:4      | Got an encrusted flail
  3225 | D:4      | Reached XP level 6. HP: 16/38 MP: 6/6
  3242 | D:4      | Identified the +6 flail "Musuh" {crush, rF+ MR++} (You found it on level 4 of the Dungeon)
  3824 | D:4      | Reached skill level 5 in Fighting
  4144 | D:5      | Entered Level 5 of the Dungeon
  4177 | D:5      | Noticed an ice beast
  4185 | D:5      | Killed an ice beast
  4185 | D:5      | Reached XP level 7. HP: 20/45 MP: 7/7
  4247 | D:5      | Reached * piety under Okawaru
  4398 | D:5      | Found a sand-covered staircase.
  4586 | Ossuary  | Entered an ossuary
  4938 | Ossuary  | Reached XP level 8. HP: 44/53 MP: 8/8
  5400 | D:5      | Found Senyus's Distillery.
  5407 | D:5      | Bought a potion of degeneration for 11 gold pieces
  5407 | D:5      | Bought a potion of mutation for 27 gold pieces
  5753 | D:5      | Found a runed door.
  5758 | D:5      | Noticed Crazy Yiuf
  5763 | D:5      | Killed Crazy Yiuf
  5933 | D:6      | Noticed Sigmund
  5942 | D:6      | Killed Sigmund
  6347 | D:6      | Reached ** piety under Okawaru
  6347 | D:6      | Reached XP level 9. HP: 35/59 MP: 9/9
  6698 | D:7      | Found a flagged portal.
  6709 | D:7      | Got an encrusted spear
  6959 | Bailey   | Entered a bailey
  6966 | Bailey   | Identified the +8 spear "Xaasiac" {protect, Str+2} (You found it on level 7 of the Dungeon)
  6980 | Bailey   | Mangled by an orc warrior

Skill      XL: |  1  2  3  4  5  6  7  8 |
---------------+-------------------------+-----
Fighting       | 3 4 5 7 8 |  8.6
Dodging        | 3 4 5 6 8 |  8.0
Crossbows      | 5 7 |  7.0
Stealth        | |  1.3

Action                   |  1- 3 |  4- 6 |  7- 9 || total
-------------------------+-------+-------+-------++-------
Melee: Short sword       |   127 |   167 |       ||   294
       Hand crossbow     |       |     1 |       ||     1
       Flail             |       |    23 |   228 ||   251
       Quarterstaff      |       |       |    10 ||    10
 Fire: Hand crossbow     |       |    36 |    12 ||    48
Invok: Heroism           |       |       |     1 ||     1
  Use: Potion            |       |     5 |     2 ||     7
       Scroll            |       |     3 |     1 ||     4
 Stab: Sleeping          |     1 |     3 |     2 ||     6
       Distracted        |       |     1 |       ||     1
  Eat: Chunk             |     9 |    10 |     8 ||    27
Armor: Leather armour    |    25 |    38 |    39 ||   102
       Skin              |       |     7 |       ||     7
Dodge: Dodged            |   135 |   155 |   340 ||   630
